 Dungeon Crawl Stone Soup version 0.30-a0-222-ge547ba4400 (webtiles) character file.

Game seed: 17742431132010540698

1156 sleeves the Covert (level 8, -2/52 HPs)
             Began as a Vampire Hedge Wizard on Oct 8, 2022.
             Was an Initiate of Gozag.
             Slain by an ice beast (12 damage)
             ... on level 6 of the Dungeon.
             The game lasted 00:12:21 (5058 turns).

sleeves the Covert (Vampire Hedge Wizard)           Turns: 5058, Time: 00:12:22

Health: -2/52      AC:  4    Str:  9    XL:     8   Next: 16%
Magic:  12/12      EV: 12    Int: 18    God:    Gozag
Gold:   248        SH:  0    Dex: 14    Spells: 9/13 levels left

rFire   . . .      SeeInvis +    p - +1 dagger (venom)
rCold   . . .      Faith    .    (no shield)
rNeg    . . .      Spirit   .    b - +0 robe
rPois   .          Reflect  .    (no helmet)
rElec   .          Harm     .    z - +0 cloak
rCorr   .          Rampage  .    r - +0 pair of gloves
Will    .....                    (no boots)
Stlth   ++++......               (no amulet)
HPRegen 0.48/turn                (no ring)
MPRegen 0.13/turn                (no ring)

@: healing quickly
A: alive, fangs 3, see invisible, vampiric 2
a: Exsanguinate, Renounce Religion, Potion Petition, Call Merchant, Bribe Branch


You were on level 6 of the Dungeon.
You worshipped Gozag.
Gozag was aware of your devotion.
You visited 2 branches of the dungeon, and saw 7 of its levels.

You collected 304 gold pieces.
You paid 56 gold pieces to Gozag.

Inventory:

Hand Weapons
 a - a +0 dagger
 p - a +1 dagger of venom (weapon)
   (You found it on level 2 of the Dungeon)
Missiles
 x - 2 atropa-tipped darts (quivered)
Armour
 b - a +0 robe (worn)
 r - a +0 pair of gloves (worn)
   (You found it on level 3 of the Dungeon)
 z - a +0 cloak (worn)
   (You found it on level 4 of the Dungeon)
Jewellery
 j - a ring of ice
   (You found it on level 1 of the Dungeon)
 D - a ring of wizardry
   (You found it on level 5 of the Dungeon)
Wands
 v - a wand of flame (12)
   (You took it off Ijyb on level 3 of the Dungeon)
Scrolls
 e - 4 scrolls of teleportation
 f - a scroll of poison {unknown}
 h - 2 scrolls of magic mapping {unknown}
 k - a scroll of fog {unknown}
 l - 6 scrolls of identify {unknown}
 q - a scroll of summoning {unknown}
 t - a scroll of noise {unknown}
 y - a scroll of blinking {unknown}
 A - a scroll of amnesia {unknown}
 B - a scroll of silence {unknown}
 C - a scroll of brand weapon {unknown}
Potions
 c - a potion of berserk rage {unknown}
 d - 2 potions of magic
 g - a potion of lignification {unknown}
 i - 3 potions of curing {unknown}
 m - 4 potions of might {unknown}
 n - a potion of degeneration {unknown}
 o - a potion of attraction {unknown}
 s - 3 potions of brilliance {unknown}
 u - a potion of heal wounds {unknown}
 w - a potion of flight {unknown}


   Skills:
 + Level 5.9 Short Blades
 - Level 2.1 Dodging
 + Level 9.6 Stealth
 - Level 3.0 Spellcasting
 - Level 0.6 Conjurations
 - Level 1.0 Summonings
 - Level 0.7 Translocations
 + Level 5.1 Air Magic


You had 9 spell levels left.
You knew the following spells:

 Your Spells              Type           Power      Damage    Failure   Level
a - Magic Dart            Conj           16%        1d3       13%         1
b - Mephitic Cloud        Conj/Pois/Air  9%         N/A       22%         3

Your spell library contained the following spells:

 Spells                   Type           Power      Damage    Failure   Level
 Poisonous Vapours        Pois/Air       24%        N/A       9%          2
 Cigotuvi's Dreadful Rot  Necr/Pois/Air  16%        N/A       12%         2
 Freeze                   Ice            8%         1d3       16%         1
 Slow                     Hex            8%         N/A       16%         1
 Call Imp                 Summ           6%         N/A       16%         2
 Blink                    Tloc           10%        N/A       19%         2
 Sublimation of Blood     Necr           2%         N/A       24%         2
 Hailstorm                Conj/Ice       3%         3d3       41%         3
 Frozen Ramparts          Ice            4%         1d1       43%         3
 Animate Armour           Summ/Erth      8%         N/A       78%         4
 Petrify                  Tmut/Erth      2%         N/A       85%         4
 Blade Hands              Tmut           1%         N/A       99%         5
 Irradiate                Conj/Tmut      1%         3d12      99%         5
 Metabolic Englaciation   Hex/Ice        1%         N/A       99%         5
 Iron Shot                Conj/Erth      1%         9d1       100%        6


Dungeon Overview and Level Annotations

Branches:
Dungeon (6/15)             Temple (1/1) D:4

Altars:
Ashenzari
Cheibriados
Dithmenos
Fedhas
Gozag
Hepliaklqana
Kikubaaqudgha
Makhleb
Nemelex Xobeh
Okawaru
Qazlal
Ru
Sif Muna
Trog
Uskayaw
Vehumet
Xom
Yredelemnul

Shops:
D:2 (

Annotations:
D:2 1 runed translucent door, Crazy Yiuf
D:3 Grinder
D:5 Menkaure, Pikel


Innate Abilities, Weirdness & Mutations

Your natural rate of healing is accelerated.
You have razor-sharp teeth.
You have supernaturally acute eyesight. (SInv)
You are afflicted with vampirism and can become a bat while bloodless.


Message History

Ijyb is almost dead.
You kill Ijyb!
v - a wand of flame (18)
Things that are here:
a +0 dagger; a +0 ring mail; the goblin corpse of Ijyb
There is an open door here.
You open the door.
There is an open door here.
Found a barding.
w - a +0 cloak
Found an escape hatch in the ceiling.
Found a stone staircase leading down.
A frilled lizard comes into view.
A frilled lizard is nearby!
A frilled lizard is nearby!
A frilled lizard is nearby!
The helpless frilled lizard fails to defend itself.
You impale the frilled lizard!!
You kill the frilled lizard!
No target in view!
You see here a +0 barding.
You see here a +0 barding.
You open the door.
There is an open door here.
There is an open door here.
You see here a +0 mace.
x - 4 atropa-tipped darts You see here a +0 mace.
There is an open door here.
There is an open door here.
Found a stone staircase leading down.
You now have 105 gold pieces (gained 15).
You see here a +0 dagger.
There is an open door here.
There is a stone staircase leading down here.
y - a scroll labelled UVIGAC AROAKLI Done exploring.
Done exploring.
Done exploring.
You can't go down here!
(D) Dungeon
Where to? (Enter - D:2 @ (x,y), ? - help)
There is a stone staircase leading down here.
You climb downwards.
Found 18 gold pieces.
There is a stone staircase leading up here.
A goblin is nearby!
You see here 9 gold pieces.
The helpless goblin fails to defend itself.
You impale the goblin!!
You kill the goblin!
You now have 114 gold pieces (gained 9).
There is a stone staircase leading up here.
You now have 123 gold pieces (gained 9).
Found a stone staircase leading down.
Found a mace.
A kobold comes into view. It is wielding a +0 dagger.
A kobold is nearby!
A kobold is nearby!
You catch the helpless kobold completely off-guard!
You impale the kobold!!
You kill the kobold!
No target in view!
A ball python comes into view.
Found 3 gold pieces.
A ball python is nearby!
A ball python is nearby!
Found a stone staircase leading down.
A kobold comes into view. It is wielding a +0 whip.
You see here 12 gold pieces.
The kobold throws a stone.
The stone closely misses you.
You hit the kobold.
You kill the kobold!
The ball python hisses angrily.
The ball python misses you. The ball python barely misses you.
The ball python closely misses you. The ball python grabs you.
The ball python constricts you.
You hit the ball python but do no damage.
The ball python is poisoned.
You bite the ball python.
The ball python is moderately wounded.
You hit the ball python.
You kill the ball python!
No target in view!
You now have 135 gold pieces (gained 12).
Found 5 stones.
z - a +0 cloak You start putting on your armour.
You continue putting on your +0 cloak. x4
You finish putting on your +0 cloak.
You drop a +0 cloak.
You now have 150 gold pieces (gained 15).
A quokka comes into view.
A quokka is nearby!
A quokka is nearby!
The quokka misses you.
You closely miss the quokka. The quokka bites you.
You closely miss the quokka. The quokka misses you.
A quokka is nearby!
A quokka is nearby!
You hit the quokka.
The quokka is poisoned.
The quokka is heavily wounded.
The quokka closely misses you.
You hit the quokka.
You kill the quokka!
You now have 153 gold pieces (gained 3).
Found a robe.
w - a fizzy green potion An adder comes into view.
The helpless adder fails to defend itself.
You impale the adder!!
You kill the adder!
An adder comes into view.
An adder is nearby!
An adder is nearby!
An adder is nearby!
Found the Parchment of the Windy Iceberg.
The helpless adder fails to defend itself.
You impale the adder!!
You kill the adder!
A ball python comes into view.
The ball python hisses angrily.
You barely miss the ball python.
The ball python bites you but does no damage.
The ball python barely misses you.
You hit the ball python.
The ball python is poisoned.
Your bite misses the ball python.
The ball python is severely wounded.
The ball python barely misses you. The ball python grabs you.
The ball python constricts you.
You barely miss the ball python.
The ball python is severely wounded.
You kill the ball python!
No target in view!
You pick up the Parchment of the Windy Iceberg and begin reading...
You add the spells Poisonous Vapours and Metabolic Englaciation to your library.
Okay, then.
A giant cockroach comes into view.
A giant cockroach is nearby!
A giant cockroach is nearby!
You hit the giant cockroach.
The giant cockroach is poisoned.
The giant cockroach is heavily wounded.
You kill the giant cockroach!
No target in view!
A dart slug comes into view.
A dart slug is nearby!
A dart slug is nearby!
The helpless dart slug fails to defend itself.
You impale the dart slug!!
You kill the dart slug!
An orc comes into view. It is wielding a +0 whip.
The orc shouts!
An orc is nearby!
An orc is nearby!
You hit the orc.
The orc is moderately wounded.
You closely miss the orc.
The orc is moderately wounded.
The orc closely misses you.
You closely miss the orc.
The orc is moderately wounded.
The orc completely misses you.
You hit the orc but do no damage.
The orc is moderately wounded.
The orc closely misses you.
You hit the orc but do no damage.
The orc is poisoned.
The orc is moderately wounded.
The orc barely misses you.
You hit the orc but do no damage.
The orc looks as sick as possible!
Your bite misses the orc.
The orc is moderately wounded.
You hit the orc.
The orc looks as sick as possible!
The orc is heavily wounded.
The orc hits you but does no damage.
You hit the orc but do no damage.
The orc looks as sick as possible!
The orc is heavily wounded.
The orc hits you with a +0 whip.
You closely miss the orc.
The orc is severely wounded.
The orc closely misses you.
You barely miss the orc.
The orc is almost dead.
You kill the orc!
HP restored.
An orc comes into view. It is wielding a +0 short sword.
An orc is nearby!
An orc is nearby!
The helpless orc fails to defend itself.
You impale the orc!!
You kill the orc!
Things that are here:
a +0 short sword; a +0 ring mail; an orc corpse
There is a stone staircase leading down here.
A howler monkey comes into view.
A howler monkey is nearby!
A howler monkey is nearby!
Found 17 gold pieces.
The helpless howler monkey fails to defend itself.
You perforate the howler monkey like a sieve!!!
You kill the howler monkey!
You have reached level 6!
A worm comes into view.
A worm is nearby!
A worm is nearby!
Found a scroll labelled HODDOSMIANO.
Found a stone staircase leading down.
The helpless worm fails to defend itself.
You stick the worm like a pincushion!!!
You kill the worm!
You now have 170 gold pieces (gained 17).
Found a cloak.
l - 5 scrolls labelled HODDOSMIANO (gained 1)
You see here a +0 cloak.
You see here a +2 vampiric falchion.
d - 2 potions of magic (gained 1)
A dart slug comes into view.
The dart slug launches a dart at you. The slug dart hits you.
The dart slug launches a dart at you. The slug dart hits you.
You hit the dart slug.
The dart slug is poisoned.
You bite the dart slug.
The dart slug is heavily wounded.
You kill the dart slug!
No target in view!
No target in view!
You see here a dart slug corpse.
An ufetubus comes into view.
An ufetubus is nearby!
An ufetubus is nearby!
You hit the ufetubus.
The ufetubus is poisoned.
The ufetubus is heavily wounded.
The ufetubus hits you.
The ufetubus hits you but does no damage.
You closely miss the ufetubus.
The ufetubus is almost dead.
You kill the ufetubus!
No target in view!
Things that are here:
a +0 whip; 3 stones An ogre comes into view.
It is wielding a +0 giant club.
An ogre is nearby!
An ogre is nearby!
Found a scroll labelled HODDOSMIANO.
The helpless ogre fails to defend itself.
You impale the ogre!!
You kill the ogre!
Your Stealth skill increases to level 7!
Your Air Magic skill increases to level 3!
l - 6 scrolls labelled HODDOSMIANO (gained 1)
A - a scroll labelled YRHEGHOWOX A hound comes into view.
A hound is nearby!
The hound barks!
The hound bites you.
You closely miss the hound. The hound barely misses you.
You hit the hound but do no damage.
The hound is poisoned.
The hound bites you.
You barely miss the hound.
The hound is lightly wounded.
The hound bites you.
You hit the hound.
The hound looks even sicker.
The hound is moderately wounded.
The hound closely misses you.
You hit the hound.
The hound looks as sick as possible!
Your bite misses the hound.
The hound is heavily wounded.
The hound bites you but does no damage. The hound bites you.
You closely miss the hound.
The hound is heavily wounded.
The hound bites you.
You hit the hound.
The hound looks as sick as possible!
You bite the hound.
The hound is severely wounded.
You kill the hound!
Your Short Blades skill increases to level 4!
No target in view!
Found a stone staircase leading up.
A kobold comes into view. It is wielding a +0 short sword.
A kobold is nearby!
The helpless kobold fails to defend itself.
You perforate the kobold like a sieve!!!
You kill the kobold!
Found a long sword.
Found a long sword.
You now have 186 gold pieces (gained 16).
Found a scythe.
Sigmund the Dreaded comes into view.
He is wielding a +0 scythe.
Found a flail.
Sigmund is nearby!
Edmund the Younger comes into view.
He is wielding a +2 flail of holy wrath.
Edmund shouts!
Throw: 4 darts (atropa)
Press: ? - help, Q - select action, (/) - cycle Shift-Dir - straight line, f - Edmund
Aim: Edmund, wielding a +2 flail of holy wrath and wearing a +0 ring mail (61% to hit, chance to blind on hit: 75%)
You throw an atropa-tipped dart.
The atropa-tipped dart barely misses Edmund.
Edmund barely misses you.
Throw: 3 darts (atropa)
Press: ? - help, Q - select action, (/) - cycle Shift-Dir - straight line, f/p - Edmund
Aim: Edmund, wielding a +2 flail of holy wrath and wearing a +0 ring mail (61% to hit, chance to blind on hit: 75%)
You throw an atropa-tipped dart.
The atropa-tipped dart closely misses Edmund.
Edmund hits you with a +2 flail of holy wrath.
You convulse.
Throw: 2 darts (atropa)
Press: ? - help, Q - select action, (/) - cycle Shift-Dir - straight line, f/p - Edmund
Aim: Edmund, wielding a +2 flail of holy wrath and wearing a +0 ring mail (61% to hit, chance to blind on hit: 75%)
You throw an atropa-tipped dart. The atropa-tipped dart hits Edmund.
Edmund appears confused.
Edmund barely misses you.
You hit Edmund.
Edmund is poisoned.
You bite Edmund, but do no damage.
Edmund is lightly wounded.
Edmund seems less confused.
Edmund hits you with a +2 flail of holy wrath.
You convulse.
You closely miss Edmund.
Edmund is lightly wounded.
You see here an atropa-tipped dart.
You catch the helpless Edmund completely off-guard!
You impale Edmund!!
Edmund looks as sick as possible!
Your punch misses Edmund.
Edmund is severely wounded.
Edmund is no longer blind.
Edmund barely misses you.
You hit Edmund but do no damage.
Edmund is severely wounded.
You hit Edmund but do no damage.
Edmund looks as sick as possible!
Edmund is severely wounded.
Edmund barely misses you.
You hit Edmund.
Edmund looks as sick as possible!
Edmund is almost dead.
Edmund hits you but does no damage.
You hit Edmund.
Edmund looks as sick as possible!
Your bite misses Edmund.
Edmund is almost dead.
You kill Edmund!
You have reached level 7!
x - 3 atropa-tipped darts (gained 2)
x - 4 atropa-tipped darts (gained 1)
s - 3 sedimented ruby potions (gained 1)
Things that are here:
a +2 flail of holy wrath; a +0 ring mail; the human corpse of Edmund You start resting.
HP restored.
The helpless Sigmund fails to defend himself.
You skewer Sigmund like a kebab!!!
You kill Sigmund!
Your Stealth skill increases to level 8!
Your Air Magic skill increases to level 4!
Things that are here:
a +0 scythe; a +0 robe; the human corpse of Sigmund
B - a scroll labelled WYSAEHI YXKU
Found a stone staircase leading up.
There is a stone staircase leading up here.
There is a stone staircase leading up here.
A hound comes into view.
The helpless hound fails to defend itself.
You spit the hound like a pig!!!
You kill the hound!
An adder comes into view.
An adder is nearby!
An adder is nearby!
An adder is nearby!
The helpless adder fails to defend itself.
You perforate the adder like a sieve!!!
You kill the adder!
You see here an adder corpse.
You now have 199 gold pieces (gained 13).
Found a staircase to the Ecumenical Temple.
There is a staircase to the Ecumenical Temple here.
Done exploring.
Done exploring.
No target in view!
Done exploring.
(D) Dungeon (T) Temple
Where to? (Enter - D:4, ? - help)
There is a staircase to the Ecumenical Temple here.
You climb downwards.
Welcome to the Ecumenical Temple!
There is a staircase back to the Dungeon here.
Found a radiant altar of Vehumet.
Found a shimmering altar of Xom.
Found a shimmering blue altar of Sif Muna.
Found a burning altar of Makhleb.
Found a sparkling altar of Nemelex Xobeh.
Found a bloodstained altar of Trog.
Found a stormy altar of Qazlal.
Found a glowing golden altar of the Shining One.
Found a hide-covered altar of Uskayaw.
Found a broken altar of Ashenzari.
Found an iron altar of Okawaru.
Found a glowing silver altar of Zin.
Found a blossoming altar of Fedhas.
Found an opulent altar of Gozag.
Found a shadowy altar of Dithmenos.
Found a snail-covered altar of Cheibriados.
Found a hazy altar of Hepliaklqana.
Found a basalt altar of Yredelemnul.
Found an ancient bone altar of Kikubaaqudgha.
Found a sacrificial altar of Ru.
Done exploring.
Done exploring.
Done exploring.
Done exploring.
Done exploring.
Done exploring.
Done exploring.
Done exploring.
Done exploring.
Done exploring.
Done exploring.
Done exploring.
Done exploring.
Done exploring.
Done exploring.
Done exploring.
Done exploring.
Done exploring.
(D) Dungeon (T) Temple
Where to? (Enter - Temple, ? - help)
There is a staircase back to the Dungeon here.
You climb upwards.
Welcome back to the Dungeon!
There is a staircase to the Ecumenical Temple here.
Done exploring.
Done exploring.
Done exploring.
Done exploring.
You can't go up here!
You climb downwards.
Welcome back to the Ecumenical Temple!
There is a staircase back to the Dungeon here.
Okay, then.
Okay, then.
Search for what [? for help]? goza
There is an opulent altar of Gozag here.
You kneel at the altar of Gozag.
Gozag welcomes you!
You pay a service fee of 56 gold.
(D) Dungeon (T) Temple
Where to? (Enter - Temple @ (x,y), ? - help)
There is a staircase back to the Dungeon here.
You climb upwards.
Welcome back to the Dungeon!
There is a staircase to the Ecumenical Temple here.
Unknown command.
Done exploring.
Done exploring.
Done exploring.
(D) Dungeon (T) Temple
Where to? (Enter - D:4, ? - help)
There is a stone staircase leading down here.
You climb downwards.
Found 5 stones.
Found a stone staircase leading down.
There is a stone staircase leading up here.
There is a stone staircase leading down here.
You now have 156 gold pieces (gained 13).
C - a scroll labelled LALACZ IZIYKUO An orc wizard comes into view.
It is wielding a +0 dagger.
Found a falchion.
The orc wizard shouts!
You hear a bark!
An orc comes into view. It is wielding a +0 short sword.
There are monsters nearby!
You hit the orc wizard.
The orc wizard is poisoned.
The orc wizard is lightly wounded.
You hit the orc wizard. Your bite misses the orc wizard.
The orc wizard is heavily wounded.
The orc wizard barely misses you.
You closely miss the orc wizard.
The orc wizard is heavily wounded.
The orc wizard gestures at you while chanting.
You are confused.
You are too confused!
You closely miss the orc wizard.
The orc wizard is moderately wounded.
You bump into the metal wall.
The orc wizard gestures at you while chanting.
You easily resist.
You bump into the metal wall.
The orc wizard hits you with a +0 dagger.
You hit the orc wizard. Your bite misses the orc wizard.
The orc wizard is severely wounded.
The orc wizard closely misses you.
An orc wizard comes into view. It is wielding a +0 dagger of venom.
You hit the orc wizard but do no damage.
The orc wizard is severely wounded.
The orc wizard hits you with a +0 dagger.
You hit the orc wizard but do no damage.
The orc wizard looks even sicker.
The orc wizard is severely wounded.
The orc wizard hits you but does no damage.
A hound comes into view.
You bump into the metal wall.
You barely miss the orc wizard.
You bump into the metal wall.
You feel less confused.
You hit the orc wizard but do no damage.
The orc wizard is poisoned.
Your bite misses the orc wizard.
The orc wizard mumbles some strange words.
The orc wizard flickers and vanishes for a moment.
The orc wizard hits you with a +0 dagger of venom.
You are poisoned.
The hound barely misses you.
You feel sick. The hound bites you.
You feel sick.
The hound stops to sniff the ground.
The hound bites you. The hound misses you.
You feel sick.
The orc shouts!
You hit the hound.
The hound is poisoned.
Your bite misses the hound.
The hound is lightly wounded.
You feel sick. The hound closely misses you.
The hound pauses to sniff the ground.
The hound closely misses you.
You hit the hound.
The hound looks as sick as possible!
The hound is heavily wounded.
You feel sick. The hound closely misses you.
You hit the hound.
You kill the hound!
You feel sick.
You swing at nothing.
You kill the orc wizard!
Your Short Blades skill increases to level 5!
You completely miss the orc wizard.
The orc wizard is heavily wounded.
You feel sick.
The orc wizard hits you with a +0 dagger of venom.
You are more poisoned.
You hit the orc wizard but do no damage.
The orc wizard looks even sicker.
Your bite misses the orc wizard.
The orc wizard is heavily wounded.
You feel very sick. The orc wizard barely misses you.
You hit the orc wizard.
The orc wizard looks as sick as possible!
The orc wizard is almost dead.
You feel sick.
You hit the orc wizard but do no damage.
The orc wizard is almost dead.
You feel sick.
You kill the orc wizard!
You closely miss the orc.
You feel sick. The orc hits you but does no damage.
You hit the orc but do no damage.
The orc is poisoned.
You feel sick. The orc closely misses you.
You hit the orc.
The orc looks as sick as possible!
You bite the orc.
You kill the orc!
You feel sick.
You feel sick.
You now have 175 gold pieces (gained 19).
Things that are here:
a +0 short sword; a +0 dagger of venom; a +0 robe You feel sick.
Okay, then.
You feel sick.
You feel sick.
You feel sick.
You are no longer poisoned.
HP restored.
You now have 182 gold pieces (gained 7).
Things that are here:
a +0 dagger; a +0 robe You see here a +0 falchion.
Found a stone staircase leading up.
There is a stone staircase leading up here.
Duvessa, Sister of Dowan comes into view.
She is wielding a +0 rapier of speed.
Duvessa is nearby!
Duvessa is nearby!
Found a stone staircase leading up.
Dowan, Brother of Duvessa comes into view.
He is wielding a +0 dagger.
A lemure comes into view.
Duvessa shouts!
The lemure shouts!
There is a stone staircase leading up here.
Dowan shouts!
You completely miss Duvessa. You closely miss Duvessa.
Dowan casts a spell at you.
You are outlined in light.
Duvessa hits you with a +0 rapier of speed.
Duvessa hits you with a +0 rapier of speed. x2
You climb upwards.
There is a stone staircase leading down here.
You are no longer glowing.
HP restored.
Done exploring.
There is a stone staircase leading down here.
You climb downwards.
Level annotation: Dowan, Duvessa
There is a stone staircase leading up here.
You see here 5 stones.
Dowan is nearby!
Dowan is nearby!
Dowan is nearby!
Found a murky yellow potion.
Found 8 gold pieces.
You now have 190 gold pieces (gained 8).
Dowan shouts!
There is a stone staircase leading up, spattered with blood here.
Dowan casts a spell.
Dowan blinks!
You hit Duvessa but do no damage. Duvessa closely misses you.
You barely miss Duvessa. Duvessa closely misses you.
You hit Duvessa.
Duvessa is poisoned.
Duvessa is lightly wounded.
Duvessa hits you with a +0 rapier of speed!
You closely miss Duvessa.
Duvessa is lightly wounded.
Duvessa hits you with a +0 rapier of speed.
Duvessa barely misses you.
You hit Duvessa.
Duvessa is lightly wounded.
Duvessa says, "When magic and the sword combine, nothing stands against them."
Duvessa hits you with a +0 rapier of speed!
You barely miss Duvessa.
Duvessa is moderately wounded.
Duvessa hits you with a +0 rapier of speed!
* * * LOW HITPOINT WARNING * * *
Dowan mumbles some strange words.
Dowan blinks!
Duvessa attacks as you move away!
Duvessa hits you with a +0 rapier of speed.
* * * LOW HITPOINT WARNING * * *
There is a stone staircase leading up, spattered with blood here.
Duvessa barely misses you.
Duvessa hits you with a +0 rapier of speed!
* * * LOW HITPOINT WARNING * * *
You climb upwards.
There is a stone staircase leading down here.
You start resting.
HP restored.
The helpless butterfly fails to defend itself.
You spit the butterfly like a pig!!!
You kill the butterfly!
You can't go down here!
(D) Dungeon (T) Temple
Where to? (Enter - D:4 @ (x,y), ? - help)
There is a stone staircase leading down here.
You climb downwards.
Level annotation: Dowan, Duvessa
There is a stone staircase leading up here.
Found a halberd.
i - 3 murky yellow potions (gained 1) Duvessa is nearby!
Duvessa is nearby!
Throw: 4 darts (atropa)
Press: ? - help, Q - select action, (/) - cycle Shift-Dir - straight line, f - Duvessa
Aim: Duvessa, wielding a +0 rapier of speed and wearing a +0 ring mail (65% to hit, chance to blind on hit: 80%)
Okay, then.
Throw: 4 darts (atropa)
Press: ? - help, Q - select action, (/) - cycle Shift-Dir - straight line, f - Duvessa
Aim: Duvessa, wielding a +0 rapier of speed and wearing a +0 ring mail (65% to hit, chance to blind on hit: 80%)
You throw an atropa-tipped dart. The atropa-tipped dart hits Duvessa.
Duvessa resists.
Throw: 3 darts (atropa)
Press: ? - help, Q - select action, (/) - cycle Shift-Dir - straight line, f/p - Duvessa
Aim: Duvessa, wielding a +0 rapier of speed and wearing a +0 ring mail (65% to hit, chance to blind on hit: 80%)
You throw an atropa-tipped dart.
The atropa-tipped dart barely misses Duvessa.
Duvessa says, "When magic and the sword combine, nothing stands against them."
Duvessa says, "My weaknesses are his strengths!"
Duvessa attacks as you move away!
Duvessa hits you with a +0 rapier of speed!
Dowan mumbles some strange words.
Dowan blinks!
Duvessa says, "When magic and the sword combine, nothing stands against them."
Throw: 2 darts (atropa)
Press: ? - help, Q - select action, (/) - cycle Shift-Dir - straight line, f/p - Duvessa
Aim: Duvessa, wielding a +0 rapier of speed and wearing a +0 ring mail (65% to hit, chance to blind on hit: 78%)
You throw an atropa-tipped dart. The atropa-tipped dart hits Duvessa.
Duvessa appears confused.
Duvessa barely misses you. x2; Duvessa barely misses herself.
You strike the helpless Duvessa from behind!
You impale Duvessa!!
Duvessa looks as sick as possible!
Duvessa is severely wounded.
Duvessa seems less confused.
You hit Duvessa but do no damage.
Duvessa looks as sick as possible!
Duvessa is severely wounded.
Duvessa hits you with a +0 rapier of speed.
You hit Duvessa but do no damage.
Duvessa looks as sick as possible!
Duvessa is almost dead.
Duvessa closely misses you.
You barely miss Duvessa.
Duvessa is almost dead.
Throw: dart (atropa)
Press: ? - help, Q - select action, (/) - cycle Shift-Dir - straight line, f/p - Duvessa
Aim: Duvessa, wielding a +0 rapier of speed and wearing a +0 ring mail (almost dead, blind, extremely poisoned, 65% to hit, chance to blind on hit: 78%)
Okay, then.
You barely miss Duvessa.
Duvessa is almost dead.
Duvessa is no longer blind.
Duvessa hits you but does no damage.
You hit Duvessa.
Duvessa looks as sick as possible!
Duvessa is almost dead.
You kill Duvessa!
Dowan seems overcome with grief.
Dowan seems to find hidden reserves of power!
Dowan casts a spell at you. The stone arrow hits you!!
* * * LOW HITPOINT WARNING * * *
Throw: dart (atropa)
Press: ? - help, Q - select action, (/) - cycle Shift-Dir - straight line, f - Dowan
Aim: Dowan, wielding a +0 dagger and wearing a +0 robe (fast, 46% to hit, chance to blind on hit: 90%)
You throw an atropa-tipped dart. The atropa-tipped dart hits Dowan.
Dowan appears confused.
Dowan seems less confused.
Items here: $ ( ) [.
You strike the helpless Dowan from behind!
You impale Dowan!!
You kill Dowan!
Your Stealth skill increases to level 9!
You now have 194 gold pieces (gained 4).
x - an atropa-tipped dart
Things that are here:
a +0 dagger; a +0 robe You now have 199 gold pieces (gained 5).
x - 2 atropa-tipped darts (gained 1)
Things that are here:
a +0 rapier of speed; a +0 ring mail
Things that are here:
a +0 dagger; a +0 robe HP restored.
x - 3 atropa-tipped darts (gained 1)
Found an escape hatch in the floor.
Found a stone staircase leading down.
D - a ring of wizardry No target in view!
No target in view!
Found an escape hatch in the ceiling.
An orc comes into view. It is wielding a +0 club.
An orc is nearby!
An orc and a scorpion come into view.
The orc shouts!
The orc moves out of view.
An orc wizard comes into view. It is wielding a +0 dagger.
The scorpion closely misses you. x2
The orc shouts!
You hit the scorpion.
The scorpion is lightly wounded.
You hear a shout!
The scorpion completely misses you.
You barely miss the scorpion.
The scorpion is lightly wounded.
The scorpion stings you.
You hit the scorpion but do no damage.
The scorpion is lightly wounded.
You closely miss the scorpion.
The scorpion is lightly wounded.
The scorpion stings you but does no damage.
You hit the scorpion.
The scorpion is poisoned.
The scorpion is lightly wounded.
The scorpion completely misses you.
You hit the scorpion.
The scorpion looks as sick as possible!
You bite the scorpion.
The scorpion is heavily wounded.
You kill the scorpion!
The orc wizard casts a spell at you. The puff of flame hits you!
You have reached level 8!
You hit the orc.
The orc is poisoned.
The orc is severely wounded.
You hit the orc but do no damage. You hit the orc.
The orc is poisoned.
The orc is heavily wounded.
You kill the orc!
You closely miss the orc.
The orc is heavily wounded.
You hit the orc.
The orc looks as sick as possible!
The orc is heavily wounded.
You hit the orc.
The orc looks as sick as possible!
The orc is severely wounded.
You kill the orc!
You miss the orc wizard.
The orc wizard hits you with a +0 dagger.
You closely miss the orc wizard.
The orc wizard points at you and mumbles some strange words.
The puff of flame hits you.
You closely miss the orc wizard.
You hit the orc wizard but do no damage.
The orc wizard casts a spell at you. The puff of flame misses you.
You hit the orc wizard.
The orc wizard is poisoned.
The orc wizard is lightly wounded.
The orc wizard hits you but does no damage.
You hit the orc wizard.
The orc wizard looks as sick as possible!
The orc wizard is moderately wounded.
You closely miss the orc wizard.
The orc wizard is moderately wounded.
The orc wizard hits you with a +0 dagger.
You hit the orc wizard but do no damage.
The orc wizard looks as sick as possible!
The orc wizard is moderately wounded.
The orc wizard hits you but does no damage.
You closely miss the orc wizard. Your bite misses the orc wizard.
The orc wizard is heavily wounded.
The orc wizard casts a spell at you.
You easily resist.
You hit the orc wizard.
The orc wizard looks as sick as possible!
The orc wizard is severely wounded.
You hit the orc wizard.
You kill the orc wizard!
You now have 207 gold pieces (gained 8).
Things that are here:
a +0 dagger; a +0 robe You now have 214 gold pieces (gained 7).
You see here a +0 mace.
Things that are here:
a +0 dagger; a +0 robe You now have 221 gold pieces (gained 7).
Things that are here:
a +0 club; 2 boomerangs; a +0 ring mail
Things that are here:
a +0 dagger; a +0 robe You see here a +0 mace.
e - 5 scrolls labelled FUNAEL DAEROI (gained 1)
There is an escape hatch in the floor here.
Found a ring mail.
A hound comes into view.
There is a stone staircase leading down here.
A hound is nearby!
The hound barks!
The hound barely misses you.
You closely miss the hound. The hound barely misses you.
A hound is nearby!
You hit the hound.
The hound is poisoned.
The hound is lightly wounded.
The hound bites you.
You hit the hound.
The hound looks even sicker.
The hound is moderately wounded.
The hound bites you but does no damage.
You hit the hound.
The hound looks as sick as possible!
The hound is heavily wounded.
The hound barely misses you.
You closely miss the hound.
The hound is heavily wounded.
The hound bites you.
You hit the hound but do no damage.
The hound looks as sick as possible!
The hound is heavily wounded.
The hound misses you.
You hit the hound.
The hound looks as sick as possible!
The hound is severely wounded.
The hound barely misses you.
A hound is nearby!
A hound is nearby!
A hound is nearby!
You hit the hound.
You kill the hound!
Your Air Magic skill increases to level 5!
No target in view!
You now have 228 gold pieces (gained 7).
You see here a +0 ring mail.
There is a stone staircase leading down here.
There is an escape hatch in the floor here.
There is a stone staircase leading up here.
You pick up a book of Alchemy and begin reading...
You add the spells Sublimation of Blood, Petrify and Irradiate to your library.
A lemure and an ogre come into view.
There are monsters nearby!
A lemure comes into view.
A lemure comes into view.
Pikel, a gnoll and an ice beast come into view.
Pikel is wielding a +2 whip of flaming and carrying a wand of paralysis (11). 2 gnolls come into view.
Pikel shouts!
You hear a shout! x2; The lemure shouts!
You hear a shout! x2
Pikel zaps a wand.
You easily resist.
There is a stone staircase leading up, spattered with blood here.
You climb upwards.
There is a stone staircase leading down here.
There is a stone staircase leading down here.
You climb downwards.
Level annotation: Pikel
There is a stone staircase leading up here.
You climb upwards.
There is a stone staircase leading down here.
There is a stone staircase leading down here.
You climb downwards.
Level annotation: Pikel
There is a stone staircase leading up, spattered with blood here.
Aiming: Throw Flame
Press: ? - help, Shift-Dir - straight line, f - ice beast
Aim: an ice beast (68% to hit)
The puff of flame hits the ice beast.
The ice beast is lightly wounded.
Aiming: Throw Flame
Press: ? - help, Shift-Dir - straight line, f/p - ice beast
Aim: an ice beast (lightly wounded, 68% to hit)
The puff of flame hits the ice beast!
The ice beast melts!
The ice beast is moderately wounded.
Aiming: Throw Flame
Press: ? - help, Shift-Dir - straight line, f/p - ice beast
Aim: an ice beast (moderately wounded, 68% to hit)
The puff of flame misses the ice beast.
The ice beast misses you.
Aiming: Throw Flame
Press: ? - help, Shift-Dir - straight line, f/p - ice beast
Aim: an ice beast (moderately wounded, 68% to hit)
The puff of flame hits the ice beast!
The ice beast melts!
The ice beast is heavily wounded.
The ice beast hits you but does no damage.
Aiming: Throw Flame
Press: ? - help, Shift-Dir - straight line, f/p - ice beast
Aim: an ice beast (heavily wounded, 68% to hit)
The puff of flame hits the ice beast!
The ice beast melts!
The ice beast is almost dead.
The ice beast hits you but does no damage.
Aiming: Throw Flame
Press: ? - help, Shift-Dir - straight line, f/p - ice beast
Aim: an ice beast (almost dead, 68% to hit)
The puff of flame hits the ice beast.
The ice beast melts!
You kill the ice beast!
You now have 242 gold pieces (gained 14).
Found a leather armour.
A dart slug comes into view.
A dart slug is nearby!
The dart slug launches a dart at you. The slug dart hits you.
You hit the dart slug.
The dart slug is poisoned.
The dart slug is lightly wounded.
You hit the dart slug but do no damage.
The dart slug looks as sick as possible!
The dart slug is lightly wounded.
You kill the dart slug!
No target in view!
HP restored.
You now have 248 gold pieces (gained 6).
A water moccasin comes into view.
A water moccasin is nearby!
A water moccasin is nearby!
The water moccasin hisses angrily.
You hear a shout!
The water moccasin misses you. The water moccasin bites you.
Okay, then.
Throw: 3 darts (atropa)
Press: ? - help, Q - select action, (/) - cycle Shift-Dir - straight line, f - water moccasin
Aim: a water moccasin (38% to hit, chance to blind on hit: 70%)
You throw an atropa-tipped dart.
The atropa-tipped dart hits the water moccasin.
The water moccasin appears confused.
The water moccasin seems less confused.
The water moccasin bites you. The water moccasin barely misses you.
You hit the water moccasin.
The water moccasin is lightly wounded.
The water moccasin closely misses you.
You miss the water moccasin.
The water moccasin is lightly wounded.
The water moccasin closely misses you.
You hit the water moccasin.
The water moccasin is moderately wounded.
You hit the water moccasin.
The water moccasin is moderately wounded.
The water moccasin is no longer blind.
The water moccasin bites you.
You hit the water moccasin. Your punch misses the water moccasin.
The water moccasin is moderately wounded.
The water moccasin bites you!
Menkaure, Prince of Dust comes into view.
Aiming: Throw Flame
Press: ? - help, Shift-Dir - straight line, f/p - water moccasin
Aim: a water moccasin (moderately wounded, 48% to hit)
Okay, then.
Okay, then.
As you read the scroll labelled FUNAEL DAEROI, it crumbles to dust.
You feel strangely unstable.
It was a scroll of teleportation.
The water moccasin barely misses you. The water moccasin bites you.
You barely miss the water moccasin.
The water moccasin is moderately wounded.
The water moccasin bites you.
You hit the water moccasin. You bite the water moccasin.
The water moccasin is heavily wounded.
The water moccasin bites you.
You are poisoned.
The water moccasin poisons you!
You hit Menkaure. You bite Menkaure, but do no damage.
Menkaure is lightly damaged.
Your surroundings suddenly seem different.
You feel very sick.
You start resting.
You feel very sick. x2
You feel sick. x8
You are no longer poisoned.
You start resting.
HP restored.
There is a stone staircase leading down here.
You climb downwards.
Found an orange potion.
There is a stone staircase leading up here.
m - 4 orange potions (gained 1)
An orc warrior comes into view. It is wielding a +0 scimitar.
An orc warrior is nearby!
An orc warrior is nearby!
An orc warrior is nearby!
An orc comes into view.
It is wielding a +0 trident and wearing a +2 leather armour of poison resistance.
The orc warrior shouts!
The orc shouts!
An orc comes into view. It is wielding a +0 mace.
An ice beast comes into view.
The orc shouts!
The orc closely misses you.
The orc warrior attacks as you move away!
The orc warrior hits you but does no damage.
The orc closely misses you.
The orc warrior attacks as you move away!
The orc warrior hits you with a +0 scimitar!
The ice beast attacks as you move away! The ice beast closely misses you.
The orc warrior attacks as you move away!
The orc warrior hits you with a +0 scimitar!
The ice beast attacks as you move away! The ice beast hits you.
* * * LOW HITPOINT WARNING * * *
The ice beast freezes you!
* * * LOW HITPOINT WARNING * * *
The ice beast attacks as you move away! The ice beast completely misses you.
There is a stone staircase leading up here.
The ice beast hits you.
* * * LOW HITPOINT WARNING * * *
The ice beast freezes you!
You die...
Your body crumbles into a pile of gold.

#.....###############
#...................#
#...................#
#...................#
#...................#
#...................#
#...................#
#............o......#
#..........ooY@.....#
#.......#############
#.......# #.......#
#.......# #.......#
#.......#


You could see an orc warrior, an ice beast and 2 orcs.

Vanquished Creatures
  Sigmund (D:4)
  Edmund (D:4)
  Duvessa (D:5)
  An ice beast (D:5)
  An ogre (D:4)
  A scorpion (D:5)
  Dowan (D:5)
  A howler monkey (D:4)
  5 hounds
  Ijyb (D:3)
  3 orc wizards (D:5)
  4 gnolls (D:3)
  8 adders
  An ufetubus (D:4)
  2 worms
  5 dart slugs
  5 orcs
  4 ball pythons
  8 bats
  9 endoplasms
  3 giant cockroaches
  8 goblins
  3 hobgoblins (D:1)
  6 kobolds
  5 quokkas
  4 frilled lizards
  2 rats
  A butterfly (D:4)
95 creatures vanquished.

Vanquished Creatures (others)
  2 plants (D:2)
2 creatures vanquished.

Grand Total: 97 creatures vanquished

Notes
Turn   | Place    | Note
-------+----------+-------------------------------------------
     0 | D:1      | sleeves the Vampire Hedge Wizard began the quest for the
                  | Orb.
     0 | D:1      | Reached XP level 1. HP: 13/13 MP: 4/4
    53 | D:1      | HP: 5/13 [dart slug/slug dart (3)]
    82 | D:1      | HP: 6/13 [dart slug/slug dart (5)]
   161 | D:1      | Reached skill level 4 in Stealth
   256 | D:1      | Reached XP level 2. HP: 19/19 MP: 6/6
   374 | D:1      | Found a faded altar of an unknown god.
   445 | D:1      | Reached skill level 1 in Short Blades
   643 | D:1      | HP: 9/19 [kobold/+0 dagger (2)]
   774 | D:1      | Gained mutation: You are afflicted with vampirism and can
                  | become a bat while bloodless. [Vampire growth]
   774 | D:1      | Reached XP level 3. HP: 24/24 MP: 7/7
   895 | D:1      | Learned a level 3 spell: Mephitic Cloud
   993 | D:2      | Reached skill level 5 in Stealth
  1099 | D:2      | Reached skill level 1 in Air Magic
  1179 | D:2      | Found a runed translucent door.
  1180 | D:2      | Noticed Crazy Yiuf
  1401 | D:2      | Reached skill level 2 in Short Blades
  1501 | D:2      | Found Satiteps's Antique Weapon Boutique.
  1527 | D:2      | Reached XP level 4. HP: 24/30 MP: 8/8
  2090 | D:3      | Reached skill level 2 in Air Magic
  2136 | D:3      | Reached XP level 5. HP: 25/35 MP: 9/9
  2154 | D:3      | Reached skill level 6 in Stealth
  2158 | D:3      | HP: 14/35 [gnoll/+0 flail (7)]
  2254 | D:3      | Noticed Grinder
  2511 | D:3      | Reached skill level 3 in Short Blades
  2558 | D:3      | Noticed Ijyb
  2561 | D:3      | Killed Ijyb
  3069 | D:4      | Got the Parchment of the Windy Iceberg
  3235 | D:4      | Reached XP level 6. HP: 41/41 MP: 10/10
  3420 | D:4      | Reached skill level 7 in Stealth
  3420 | D:4      | Reached skill level 3 in Air Magic
  3470 | D:4      | Reached skill level 4 in Short Blades
  3546 | D:4      | Noticed Sigmund
  3553 | D:4      | Noticed Edmund
  3564 | D:4      | Killed Edmund
  3565 | D:4      | Reached XP level 7. HP: 35/46 MP: 11/11
  3603 | D:4      | Killed Sigmund
  3604 | D:4      | Reached skill level 8 in Stealth
  3604 | D:4      | Reached skill level 4 in Air Magic
  3734 | D:4      | Found a staircase to the Ecumenical Temple.
  3781 | Temple   | Entered the Ecumenical Temple
  3989 | Temple   | Became a worshipper of Gozag Ym Sagoz the Greedy
  4029 | D:5      | Entered Level 5 of the Dungeon
  4075 | D:5      | Reached skill level 5 in Short Blades
  4080 | D:5      | HP: 22/46 [poisoned by an orc wizard]
  4085 | D:5      | HP: 19/46 [poisoned by an orc wizard]
  4171 | D:5      | Noticed Duvessa
  4174 | D:5      | Noticed Dowan
  4323 | D:5      | HP: 18/46 [Duvessa/+0 rapier of speed (8)]
  4325 | D:5      | HP: 3/46 [Duvessa/+0 rapier of speed (11)]
  4502 | D:5      | Killed Duvessa
  4502 | D:5      | HP: 18/46 [Dowan/stone arrow (19)]
  4505 | D:5      | Killed Dowan
  4506 | D:5      | Reached skill level 9 in Stealth
  4615 | D:5      | Reached XP level 8. HP: 44/52 MP: 12/12
  4726 | D:5      | Reached skill level 5 in Air Magic
  4814 | D:5      | Noticed Pikel
  4934 | D:5      | Noticed Menkaure
  4940 | D:5      | HP: 26/52 [poisoned by a water moccasin]
  4945 | D:5      | HP: 22/52 [poisoned by a water moccasin]
  5056 | D:6      | HP: 26/52 [ice beast (4)]
  5056 | D:6      | HP: 12/52 [ice beast (14)]
  5058 | D:6      | Slain by an ice beast

Illustrated notes

Levels and vault maps discovered:
D:1:      sevenhm_arrival_forest_fort_small_6, layout_basic,
          shapermc_ecumenical_altar_gd
D:2:      layout_loops_ring, serial_shops, shop, serial_bayou_pond_e,
          uniq_crazy_yiuf_cottage
D:3:      layout_basic, uniq_ijyb, uniq_grinder
D:4:      layout_loops_cross, minmay_temple_entry_butterflies,
          sigmund_edmund_badplayer, uniq_sigmund
D:5:      layout_loops_cross, fountainhead, uniq_menkaure, uniq_duvessa,
          uniq_pikel
D:6:      layout_gridville, nrook_pool_corridor
Temple:   nicolae_temple_slightly_damp_pantheon

Skill      XL: |  1  2  3  4  5  6  7  8 |
---------------+-------------------------+-----
Stealth        | 4 5 6 7 9 |  9.6
Short Blades   | 1 2 3 4 5 |  5.9
Air Magic      | 1 2 3 4 5 |  5.1
Dodging        | |  2.1
Spellcasting   | |  3.0
Conjurations   | |  0.6
Summonings     | |  1.0
Translocations | |  0.7

Action                   |  1- 3 |  4- 6 |  7- 9 || total
-------------------------+-------+-------+-------++-------
Melee: Dagger            |   111 |    88 |    79 ||   278
       Bite              |     9 |     6 |     4 ||    19
       Punch             |       |     1 |       ||     1
Throw: Dart              |       |     7 |     5 ||    12
       Throwing net      |       |     1 |       ||     1
 Cast: Magic Dart        |     9 |       |       ||     9
Evoke: Wand              |       |       |     6 ||     6
  Use: Scroll            |       |       |     1 ||     1
 Stab: Sleeping          |    15 |    19 |     4 ||    38
       Distracted        |       |     1 |       ||     1
       Invisible         |       |     1 |     2 ||     3
Armor: Robe              |    24 |     9 |    10 ||    43
Dodge: Dodged            |    64 |    32 |    36 ||   132

Table legend: (Time is in decaauts)
 A = Elapsed time spent in this place.
 B = Non-inter-level travel time spent in this place.
 C = Inter-level travel time spent in this place.
 D = Time resting spent in this place.
 E = Time spent auto-exploring this place.
 F = Levels seen in this place.
 G = Mean time per level.
                   A        B        C        D        E       F      G
               +--------+--------+--------+--------+--------+-----+--------+
         Total |   5021 |   4636 |    385 |    217 |   3355 |   7 |  717.3 |
       Dungeon |   4793 |   4468 |    325 |    217 |   3210 |   6 |  798.8 |
        Temple |    228 |    168 |     60 |      0 |    145 |   1 |  228.0 |
               +--------+--------+--------+--------+--------+-----+--------+

Top non-repeatable levels by time:
     D:2: 1077 daAuts
     D:4: 1046 daAuts
     D:1: 960 daAuts
     D:3: 899 daAuts
     D:5: 769 daAuts
  Temple: 228 daAuts
     D:6: 39 daAuts
